 Dungeon Crawl Stone Soup version 0.27.1-34-g3ba077fa99 (webtiles) character file.

Game seed: 2276298053673697257

1 Sharkman1231 the Vexing (level 1, 0/13 HPs)
             Began as a Demonspawn Enchanter on Jan 19, 2022.
             Slain by an orc (1 damage)
             ... on level 2 of the Dungeon.
             The game lasted 00:00:37 (517 turns).

Sharkman1231 the Vexing (Demonspawn Enchanter)       Turns: 517, Time: 00:00:38

Health: 0/13       AC:  2    Str:  8    XL:     1   Next: 16%
Magic:  3/3        EV: 12    Int: 16    God:
Gold:   0          SH:  0    Dex: 13    Spells: 3/4 levels left

rFire    . . .     SeeInvis .   a - +1 dagger
rCold    . . .     Faith    .   (no shield)
rNeg     . . .     Spirit   .   b - +0 robe
rPois    .         Reflect  .   (no helmet)
rElec    .         Harm     .   (no cloak)
rCorr    .         Rampage  .   (no gloves)
Will     .....                  (no boots)
Stlth    +.........             (no amulet)
HPRegen  0.04/turn              (no ring)
MPRegen  0.08/turn              (no ring)

@: very slow
A: no striking features
a: no special abilities


You were on level 2 of the Dungeon.
You visited 1 branch of the dungeon, and saw 2 of its levels.

Inventory:

Hand Weapons
 a - a +1 dagger (weapon)
Armour
 b - a +0 robe (worn)
Magical Staves
 c - a staff of poison


   Skills:
 + Level 0.0 Fighting
 + Level 0.9 Short Blades
 + Level 1.8 Dodging
 + Level 2.7 Stealth
 - Level 2.0 Spellcasting
 + Level 3.0 Hexes


You had 3 spell levels left.
You knew the following spells:

 Your Spells              Type           Power      Damage    Failure   Level
a - Corona                Hex            12%        N/A       6%          1

Your spell library contained the following spells:

 Spells                   Type           Power      Damage    Failure   Level
 Ensorcelled Hibernation  Hex/Ice        12%        N/A       17%         2
 Confusing Touch          Hex            11%        N/A       19%         3
 Tukima's Dance           Hex            11%        N/A       19%         3
 Dazzling Flash           Conj/Hex       12%        N/A       32%         3


Dungeon Overview and Level Annotations

Branches:
Dungeon (1/15)

Altars:

Shops:
D:2 *


Message History

Found Yluesun's General Store.
Found an escape hatch in the ceiling.
Unknown command.
You start resting.
HP restored.
You see here a staff of poison.
c - a staff of poison
Found a dagger.
An orc comes into view. It is wielding a +0 dagger.
The orc shouts!
You see here a +0 dagger.
The orc hits you with a +0 dagger.
You closely miss the orc. The orc hits you but does no damage.
You hit the orc but do no damage. The orc hits you with a +0 dagger.
You hit the orc but do no damage. The orc closely misses you.
You hit the orc but do no damage. You barely miss the orc.
The orc hits you with a +0 dagger.
You closely miss the orc. The orc completely misses you.
You hit the orc but do no damage. The orc hits you with a +0 dagger.
You barely miss the orc. The orc barely misses you.
You hit the orc but do no damage. The orc hits you with a +0 dagger.
You see here a +0 dagger.
The orc hits you with a +0 dagger.
* * * LOW HITPOINT WARNING * * *
There is an escape hatch in the ceiling here.
Found a stone staircase leading up.
There is an escape hatch in the ceiling here.
The orc suddenly jeers.
You see here a +0 dagger.
You enter the shallow water.
Moving in this stuff is going to be slow.
The orc misses you.
There is an entrance to Yluesun's General Store here.
Why would you want to do that?
You enter the shallow water.
Moving in this stuff is going to be slow.
The orc hits you with a +0 dagger.
* * * LOW HITPOINT WARNING * * *
Your unstable footing causes you to fumble your attack.
The orc hits you with a +0 dagger.
You die...

# ##.....##.....##
..###.........(....##
...................#
#................#
#............)...#
#....<.....≈≈≈...#
###.........≈≈≈≈≈..#
##...........≈≈∩o...#
##..##........≈≈@≈≈.##
...............≈≈≈.##
..............######
####..........#
..............#
#####.........#
#.........#
#.........#
#.........#


You could see an orc.

Vanquished Creatures
  A hobgoblin (D:1)
1 creature vanquished.

Notes
Turn   | Place    | Note
-------+----------+-------------------------------------------
     0 | D:1      | Sharkman1231 the Demonspawn Enchanter began the quest for
                  | the Orb.
     0 | D:1      | Reached XP level 1. HP: 13/13 MP: 3/3
   314 | D:1      | You fall into a shaft and drop 1 floor!
   314 | D:2      | Found Yluesun's General Store.
   517 | D:2      | Slain by an orc

Illustrated notes

Levels and vault maps discovered:
D:1:      ebering_trefoil_twist, layout_basic, serial_aquarium,
          aquarium_bridge_square [aquarium_subvault_wall,
          aquarium_subvault_bridge, aquarium_subvault_wall,
          aquarium_subvault_wall], aquarium_bridge_straight
          [aquarium_subvault_bridge, aquarium_subvault_wall,
          aquarium_subvault_bridge, aquarium_subvault_balcony],
          aquarium_window_fake, aquarium_window_corridor_1, aquarium_window_2,
          aquarium_window_corner, aquarium_view_2c, aquarium_view_2b,
          kennysheep_another_room
D:2:      layout_rooms, serial_shops, nicolae_shop_waterfront,
          shapermc_ecumenical_altar_mp_vishouse, minivault_23,
          corexii_leaking_fountain

Action                   || total
-------------------------++-------
Melee: Dagger            ||    26
 Cast: Corona            ||     1
Armor: Robe              ||     3
Dodge: Dodged            ||    12
